Description

IEM Katowice 2023 Quarter Finals - Maru vs Solar - Game 1

Maru does a standard economical TvZ opening with a Raven for tumor detection with Hellions and a Liberator for drone harass while going for a fast third followed by a Marine Tank Medivac timing push. He loses some workers for Mutas around 7:30 but manages to beat Solar with an impecable economical macro.

VOD

https://www.youtube.com/watch?v=ldGdIjEuvI8

Replay - Maru v Solar: Game 1 - [ESL] Babylon

Build Order

Get SALT Encoding   

  12  0:00  SCV  
  13  0:12  SCV  
  14  0:17  Supply Depot  
  14  0:24  SCV  
  15  0:38  SCV  
  15  0:40  Barracks  
  16  0:43  Refinery  
  16  0:50  SCV  
  17  1:02  SCV  
  18  1:14  SCV  
  19  1:27  Orbital Command, Reaper  
  20  1:39  Command Center  
  20  1:48  Supply Depot  
  20  1:52  SCV  
  21  1:58  Marine  
  22  2:04  SCV  
  23  2:11  Factory  
  23  2:16  SCV  
  25  2:24  Barracks Reactor  
  25  2:40  Command Center  
  26  2:51  Orbital Command  
  26  2:54  Refinery  
  27  2:59  Starport  
  28  3:14  Hellion x2  
  28  3:16  Barracks Tech Lab  
  36  3:41  Hellion x2  
  36  3:42  Raven  
  36  3:43  Barracks Tech Lab  
  44  3:52  Orbital Command  
  45  3:57  Supply Depot  
  46  4:04  Hellion x2  
  46  4:05  Marine  
  52  4:16  Liberator  
  58  4:26  Hellion x2  
  58  4:28  Supply Depot  
  58  4:30  Marine, Stimpack  
  64  4:31  Orbital Command  
  67  4:45  Engineering Bay x2  
  67  4:46  Refinery  
  70  5:04  Barracks x2  
  71  5:10  Starport Reactor  
  71  5:11  Supply Depot  
  71  5:13  Terran Infantry Weapons Level 1, Terran Infantry Armor Level 1  
  73  5:23  Barracks x2  
  75  5:29  Refinery  
  75  5:34  Siege Tank  
  79  5:40  Marine  
  83  5:51  Marine  
  87  5:57  Starport Reactor  
  88  6:06  Marine x3  
  88  6:10  Combat Shield  
  93  6:12  Siege Tank  
  93  6:14  Barracks Reactor x2  
  93  6:18  Marine x2  
  99  6:26  Armory  
  101  6:34  Medivac x2  
  110  6:41  Refinery  
  113  6:47  Siege Tank  
  121  6:54  Refinery  
  128  7:09  Medivac x2  
  136  7:20  Command Center  
  141  7:27  Siege Tank  
  149  7:37  Factory  
  149  7:44  Sensor Tower  
Spawning Tool Build Advisor. Get it on Overwolf

Go to:

Details

  • Created by: amentini
  • Published on: Feb 22, 2023
  • Modified on: Feb 22, 2023
  • Patch: 5.0.11
  • Difficulty: Hard
Show
View Real Time Build Order
Export as new Build Order

Comments (0)

There are no comments. Be the first!

Create an account to comment!